 Dungeon Crawl Stone Soup version 0.30-a0-50-gb2d611f6b1 (webtiles) character file.

Game seed: 16686975729936543795

28 ToastOfDOOM the Covered (level 2, -9/27 HPs)
             Began as a Minotaur Fighter on Sept 3, 2022.
             Engulfed by a cloud of flame (15 damage)
             ... on level 2 of the Dungeon.
             The game lasted 00:14:56 (1053 turns).

ToastOfDOOM the Covered (Minotaur Fighter)          Turns: 1053, Time: 00:14:59

Health: -9/27      AC:  7    Str: 20    XL:     2   Next: 96%
Magic:  1/1        EV:  9    Int:  5    God:
Gold:   113        SH:  4    Dex:  9    Spells: 1/1 levels left

rFire   . . .      SeeInvis .    a - +0 long sword
rCold   . . .      Faith    .    c - +0 buckler
rNeg    . . .      Spirit   .    b - +0 scale mail
rPois   .          Reflect  .    (helmet restricted)
rElec   .          Harm     .    (no cloak)
rCorr   .          Rampage  .    (no gloves)
Will    .....                    (no boots)
Stlth   ..........               (no amulet)
HPRegen 0.09/turn                k - +4 ring of slaying
MPRegen 0.07/turn                (no ring)

@: no status effects
A: horns 2, retaliatory headbutt
a: no special abilities


You were on level 2 of the Dungeon.
You visited 1 branch of the dungeon, and saw 2 of its levels.

You collected 113 gold pieces.

Inventory:

Hand Weapons
 a - a +0 long sword (weapon)
Missiles
 n - 4 stones (quivered)
Armour
 b - a +0 scale mail (worn)
 c - a +0 buckler (worn)
Jewellery
 f - a ring of positive energy
 k - a +4 ring of slaying (left hand)
 p - an amulet of faith
Scrolls
 j - 2 scrolls of identify {unknown}
 l - a scroll of torment {unknown}
 m - a scroll of vulnerability {unknown}
Potions
 d - a potion of might
 g - a potion of haste {unknown}
 o - a potion of heal wounds {unknown}


   Skills:
 + Level 4.0 Fighting
 + Level 3.0 Long Blades
 + Level 4.0 Armour
 + Level 4.0 Shields


You had one spell level left.
You didn't know any spells.
Your spell library was empty.

Dungeon Overview and Level Annotations

Branches:
Dungeon (2/15)

Altars:

Shops:
D:1 **:!(


Innate Abilities, Weirdness & Mutations

You have a pair of horns on your head.
You reflexively headbutt those who attack you in melee.


Message History

Your Shields skill increases to level 4!
Found 16 gold pieces.
You feel sick.
You feel sick.
You feel sick.
You are no longer poisoned.
You now have 97 gold pieces (gained 10).
p - an amulet of faith You now have 113 gold pieces (gained 16).
You start resting.
HP restored.
You open the door.
There is an open door here.
A ball python comes into view.
The ball python hisses angrily.
As you read the scroll labelled ROCINU ITERY, it crumbles to dust.
The creatures around you are filled with an inner flame!
It was a scroll of immolation.
The ball python bites you but does no damage.
The ball python grabs you. The ball python constricts you.
You escape the ball python's grasp.
As you read the scroll labelled PEARITUAVI, it crumbles to dust.
The scroll dissolves into smoke.
It was a scroll of fog.
You block the ball python's attack. The ball python grabs you.
The ball python constricts you.
You escape the ball python's grasp.
The ball python completely misses you. The ball python grabs you.
The ball python constricts you.
You escape the ball python's grasp.
As you read the scroll labelled EWKEER MYIGO, it crumbles to dust.
You hear a loud clanging noise!
It was a scroll of noise.
You block the ball python's attack. The ball python barely misses you.
You slash the ball python!
The ball python explodes!
The fiery explosion engulfs you!!
Ouch! That really hurt!
* * * LOW HITPOINT WARNING * * *
You are engulfed in blazing flames.
Ouch! That really hurt!
You die...

#...# #
..... #
...... #
......###
#
......§§#
#
......#§#
# .....
#§# # ....
#§##### ##
...
#§§@..# .#
.. #####.#
.## # #.#
..# #.#
#.#######
#.#
.[......#
#######.#
......#.#
#<....#.#
......#.##
#.......#
...##....#
#.###.###


There were no monsters in sight!

Vanquished Creatures
  An adder (D:2)
  3 endoplasms (D:1)
  A giant cockroach (D:1)
  3 goblins (D:1)
  2 hobgoblins (D:1)
  2 quokkas (D:1)
  A ball python (D:2)
  A bat (D:1)
  2 kobolds (D:1)
  2 rats (D:1)
18 creatures vanquished.

Notes
Turn   | Place    | Note
-------+----------+-------------------------------------------
     0 | D:1      | ToastOfDOOM the Minotaur Fighter began the quest for the
                  | Orb.
     0 | D:1      | Reached XP level 1. HP: 19/19 MP: 0/0
    86 | D:1      | Found Adedoo Paur's Assorted Antiques.
   199 | D:1      | Found Netzian's General Store.
   283 | D:1      | Found Ofaa's Book Shop.
   385 | D:1      | Reached XP level 2. HP: 27/27 MP: 1/1
   452 | D:1      | Found Notzusokh's Distillery.
   608 | D:1      | Found Vecugimp's Antique Weapon Shop.
  1053 | D:2      | Engulfed by a cloud of flame

Illustrated notes

Levels and vault maps discovered:
D:1:      saegor_arrival_simple_e, layout_loops_ring, serial_shops, shop,
          shop_fountains, nicolae_shop_advertising_works
          [nicolae_subvault_shop_adworks], shop_fountains, nicolae_shop_crystal
D:2:      layout_basic, chequers_ecumenical_altar_simple

Skill      XL: |  1  2 |
---------------+-------+-----
Fighting       | 4 |  4.0
Long Blades    | 3 |  3.0
Armour         | 4 |  4.0
Shields        | 4 |  4.0

Action                   || total
-------------------------++-------
Melee: Long sword        ||    31
       Headbutt          ||     4
Throw: Stone             ||     4
  Use: Scroll            ||     3
Armor: Scale mail        ||    13
Dodge: Dodged            ||    12
Block: Buckler           ||     4

Table legend: (Time is in decaauts)
 A = Elapsed time spent in this place.
 B = Non-inter-level travel time spent in this place.
 C = Inter-level travel time spent in this place.
 D = Time resting spent in this place.
 E = Time spent auto-exploring this place.
 F = Levels seen in this place.
 G = Mean time per level.
                   A        B        C        D        E       F      G
               +--------+--------+--------+--------+--------+-----+--------+
         Total |   1061 |    659 |    402 |    114 |    360 |   2 |  530.5 |
       Dungeon |   1061 |    659 |    402 |    114 |    360 |   2 |  530.5 |
               +--------+--------+--------+--------+--------+-----+--------+

Top non-repeatable levels by time:
     D:1: 831 daAuts
     D:2: 230 daAuts
